 Dungeon Crawl Stone Soup version 0.23.0-2-g0fe3ce5905 (webtiles) character file.

Game seed: 4909948051593561925

220 lilly the Cudgeler (level 5, 0/47 HPs)
             Began as a Minotaur Monk on Feb 20, 2019.
             Was an Initiate of Gozag.
             Slain by a sky beast (5 damage)
             ... on level 4 of the Dungeon.
             The game lasted 00:06:03 (3851 turns).

lilly the Cudgeler (Minotaur Monk)                  Turns: 3851, Time: 00:06:05

Health: 0/47       AC:  3    Str: 17    XL:     5   Next: 64%
Magic:  4/4        EV: 14    Int:  7    God:    Gozag
Gold:   233        SH:  0    Dex: 12    Spells: 4/4 levels left

rFire    . . .     SeeInvis .   a - +0 mace
rCold    . . .     Gourm    .   (no shield)
rNeg     . . .     Faith    .   b - +0 robe
rPois    .         Spirit   .   (helmet restricted)
rElec    .         Reflect  .   (no cloak)
rCorr    .         Harm     .   m - +0 pair of gloves
MR       .....                  (no boots)
Stlth    ++........             (no amulet)
HPRegen  0.15/turn              (no ring)
MPRegen  0.09/turn              (no ring)

@: gold aura
A: retaliatory headbutt, horns 2
a: Potion Petition, Call Merchant, Bribe Branch, Renounce Religion


You were on level 4 of the Dungeon.
You worshipped Gozag.
Gozag was aware of your devotion.
You were not hungry.

You visited 1 branch of the dungeon, and saw 4 of its levels.

You collected 233 gold pieces.

Inventory:

Hand Weapons
 a - a +0 mace (weapon)
Missiles
 n - 4 javelins (quivered)
Armour
 b - a +0 robe (worn)
 m - a +0 pair of gloves (worn)
Jewellery
 o - an uncursed ring of magical power {unknown}
Scrolls
 d - 3 scrolls of fear {unknown}
 g - a scroll of identify {unknown}
 h - 4 scrolls of teleportation {unknown}
 i - a scroll of amnesia {unknown}
 k - a scroll of blinking {unknown}
 s - a scroll of fog {unknown}
 t - a scroll of enchant armour {unknown}
Potions
 e - a potion of haste {unknown}
 f - 3 potions of lignification {unknown}
 j - a potion of brilliance {unknown}
 l - a potion of curing {unknown}
 p - 3 potions of heal wounds {unknown}
 q - 2 potions of flight {unknown}
 r - a potion of might {unknown}
Comestibles
 c - 6 rations


   Skills:
 + Level 4.7 Fighting
 * Level 6.2 Maces & Flails
 + Level 4.1 Dodging
 + Level 2.0 Stealth


You had 4 spell levels left.
You didn't know any spells.
Your spell library contained the following spells:

 Spells                   Type           Power        Failure   Level  Hunger
 Animate Skeleton         Necr           N/A          43%         1    ##.....
 Apportation              Tloc           #.....       43%         1    ##.....
 Confusing Touch          Hex            #.....       43%         1    ##.....
 Summon Small Mammal      Summ           #...         43%         1    ##.....


Dungeon Overview and Level Annotations

Branches:
Dungeon (4/15)
 Temple: D:4-7

Altars:
Cheibriados
Gozag
Makhleb
Wu Jian
Xom

Annotations:
D:3 3 runed translucent doors, binko's ghost, amateur MiBe


Innate Abilities, Weirdness & Mutations

You reflexively headbutt those who attack you in melee.
You have a pair of horns on your head.


Message History

You sock the sky beast!
The sky beast is severely wounded.
The sky beast hits you. The sky beast shocks you.
* * * LOW HITPOINT WARNING * * *
You closely miss the sky beast.
The sky beast is severely wounded.
The sky beast hits you.
* * * LOW HITPOINT WARNING * * *
The sky beast shocks you.
* * * LOW HITPOINT WARNING * * *
You hit the sky beast.
The sky beast is almost dead.
The sky beast hits you but does no damage.
You closely miss the sky beast.
The sky beast is almost dead.
The sky beast hits you.
* * * LOW HITPOINT WARNING * * *
The sky beast shocks you.
You die...
Your body crumbles into a pile of gold.

####... #### #######
##### # .......###
##...#### .........#
#.......###
.......(.#
#.........#
.........##
##.........
.......Y..#
#########.
.......@.!# ##..
..........# ###..#
..........# ##..###
#..!......# ##..##
....)....########..##
###..............###
####..#####.....##
#### #.......##
##........#


You could see a sky beast.

Vanquished Creatures
  A howler monkey (D:4)
  An orc wizard (D:3)
  An iguana (D:4)
  5 adders
  An ooze (D:2)
  2 worms
  5 dart slugs
  2 leopard geckos
  4 orcs (D:3)
  A giant cockroach (D:3)
  4 goblins
  4 hobgoblins
  4 jackals (D:1)
  9 kobolds
  A quokka (D:3)
  A ball python (D:2)
  3 bats
  7 frilled lizards
  2 leopard gecko skeletons (D:4)
  4 rats
62 creatures vanquished.

Notes
Turn   | Place    | Note
-------+----------+-------------------------------------------
     0 | D:1      | lilly the Minotaur Monk began the quest for the Orb.
     0 | D:1      | Reached XP level 1. HP: 19/19 MP: 0/0
   266 | D:1      | Reached XP level 2. HP: 27/27 MP: 1/1
   268 | D:1      | Reached skill level 4 in Maces & Flails
   788 | D:2      | Reached XP level 3. HP: 26/33 MP: 2/2
  1498 | D:2      | Found an ornate altar of the Wu Jian Council.
  1898 | D:2      | Found a shimmering altar of Xom.
  2205 | D:3      | Reached XP level 4. HP: 41/41 MP: 3/3
  2207 | D:3      | Reached skill level 5 in Maces & Flails
  2316 | D:3      | Found a runed translucent gate.
  2316 | D:3      | Found a runed translucent gate.
  2316 | D:3      | Found a runed translucent gate.
  2345 | D:3      | Noticed binko's ghost (amateur MiBe)
  2772 | D:3      | Found an opulent altar of Gozag.
  2794 | D:3      | Became a worshipper of Gozag Ym Sagoz the Greedy
  2868 | D:3      | Reached XP level 5. HP: 42/47 MP: 4/4
  3400 | D:4      | Found a burning altar of Makhleb.
  3690 | D:4      | Found a snail-covered altar of Cheibriados.
  3770 | D:4      | Reached skill level 6 in Maces & Flails
  3836 | D:4      | Noticed a sky beast
  3851 | D:4      | Slain by a sky beast

Skill      XL: |  1  2  3  4  5 |
---------------+----------------+-----
Fighting       | 4 |  4.7
Maces & Flails | 4 5 6 |  6.2
Dodging        | 4 |  4.1
Stealth        | 2 |  2.0

Action                   |  1- 3 |  4- 6 || total
-------------------------+-------+-------++-------
Melee: Mace              |    85 |    65 ||   150
       Headbutt          |     7 |    14 ||    21
 Stab: Sleeping          |     1 |       ||     1
  Eat: Ration            |     1 |     1 ||     2
       Chunk             |       |     3 ||     3
Armor: Robe              |    18 |     9 ||    27
Dodge: Dodged            |    69 |    38 ||   107
